 Dungeon Crawl Stone Soup version 0.31-a0-1068-g5939ac1fb6 (webtiles) character file.

Game seed: 12548025149033391629

5808 AZSletch the Mimic (level 10, -9/79 HPs)
             Began as a Merfolk Shapeshifter on Nov 24, 2023.
             Was a Priest of Dithmenos.
             Mangled by a two-headed ogre
             ... wielding a +0 giant spiked club
              (19 damage)
             ... on level 9 of the Dungeon.
             The game lasted 00:23:50 (9259 turns).

AZSletch the Mimic (Merfolk Shapeshifter)           Turns: 9259, Time: 00:23:52

Health: -9/79      AC:  5    Str: 18    XL:     10   Next: 79%
Magic:  0/14       EV: 16    Int:  9    God:    Dithmenos [***...]
Gold:   402        SH:  0    Dex: 15    Spells: 9/9 levels left

rFire   . .          .
                       - Unarmed
rCold   . . .        (shield currently unavailable)
rNeg    . . .        a - +0 animal skin
rPois   .            (no helmet)
rElec   .            i - +0 cloak
rCorr   .            l - +0 pair of gloves
SInv    .            m - +0 pair of boots
Will    .....        h - amulet of guardian spirit
Stlth   +            (no ring)
HPRegen 0.33/turn    (no ring)
MPRegen 0.14/turn

%: guardian spirit
@: flux-form, glowing
A: glow, contaminating, (nimble swimmer 2), mertail
a: Begin Untransformation, Renounce Religion, Shadow Step


You were on level 9 of the Dungeon.
You worshipped Dithmenos.
Dithmenos was most pleased with you.
You were something dangerously unstable.
You visited 2 branches of the dungeon, and saw 10 of its levels.

You collected 402 gold pieces.

Inventory:

Missiles
 r - 13 poisoned darts
 A - 11 boomerangs
 F - 5 curare-tipped darts
Armour
 a - a +0 animal skin (worn)
 i - a +0 cloak (worn)
 l - a +0 pair of gloves (worn)
 m - a +0 pair of boots (worn)
Jewellery
 h - an amulet of guardian spirit (around neck)
 B - a ring of protection from fire
 D - an amulet of reflection
Talismans
 c - a beast talisman
 d - a flux talisman (active)
Wands
 z - a wand of charming (12)
 G - a wand of light (8)
Scrolls
 e - 2 scrolls of poison
 f - 3 scrolls of noise {unknown}
 g - 3 scrolls of revelation {unknown}
 p - 6 scrolls of fear {unknown}
 q - 4 scrolls of teleportation {unknown}
 s - 4 scrolls of identify
 t - a scroll of silence {unknown}
 u - a scroll of fog {unknown}
 y - 2 scrolls of enchant armour {unknown}
 E - a scroll of amnesia {unknown}
Potions
 b - a potion of lignification
 j - a potion of haste
 k - 2 potions of curing
 n - 2 potions of cancellation
 o - a potion of enlightenment
 v - a potion of heal wounds
 w - a potion of might
 x - a potion of brilliance
 C - a potion of attraction


   Skills:
 + Level 7.4 Fighting
 + Level 9.2 Dodging
 + Level 8.2 Unarmed Combat
 + Level 6.0 Invocations
 + Level 3.5 Evocations
 + Level 10.7 Shapeshifting


You had 9 spell levels left.
You didn't know any spells.
Your spell library contained the following spells:

 Spells                   Type           Power      Damage    Failure   Level
 Ensorcelled Hibernation  Hex/Ice        0%         N/A       52%         2
 Passwall                 Tmut/Erth      0%         N/A       52%         2
 Sublimation of Blood     Necr           0%         N/A       52%         2
 Wereblood                Tmut           0%         N/A       52%         2
 Gell's Gravitas          Tloc           0%         N/A       77%         3
 Swiftness                Air            0%         N/A       77%         3
 Teleport Other           Tloc           0%         N/A       77%         3
 Dispersal                Tloc           0%         N/A       100%        6
 Summon Hydra             Summ           0%         N/A       100%        7


Dungeon Overview and Level Annotations

Branches:
Dungeon (9/15)             Temple (1/1) D:4
   Lair: D:8-11         Orc: D:9-12

Altars:
Ashenzari
Cheibriados
Dithmenos
Elyvilon
Fedhas
Gozag
Hepliaklqana
Kikubaaqudgha
Makhleb
Nemelex Xobeh
Okawaru
Qazlal
Ru
Sif Muna
Trog
Uskayaw
Vehumet
Wu Jian
Xom
Yredelemnul
Zin
The Shining One

Annotations:
D:9 Grum


Innate Abilities, Weirdness & Mutations

You are something dangerously unstable.
You glow with magical radiation, making you easy to see and hit.
Foes you strike become dangerously contaminated with magical radiation.
You are incapable of wielding weapons or throwing items.
((You are very nimble when in or above water. (Stealth+, EV+, Speed+++)))
Your lower body shifts to a powerful aquatic tail in water.


Message History

The wolf bites you but does no damage. The wolf barely misses you.
You hit the wolf.
The wolf shudders as magic cascades through it!!!
You kill the wolf!
Dithmenos accepts your kill.
You hit the wolf.
The wolf begins to glow.
The wolf is moderately wounded.
The wolf barely misses you.
Grum hits you from afar with a +0 glaive!
You hit the wolf.
The wolf glows dangerously bright.
The wolf is moderately wounded.
The wolf bites you!
An orc wizard comes into view. It is wielding a +0 dagger.
Grum misses you. The wolf closely misses you.
The orc wizard shouts!
You hit the wolf.
The wolf shudders as magic cascades through it!
You kill the wolf!
Dithmenos accepts your kill. Grum barely misses you.
Your Invocations skill increases to level 6!
You miss the wolf. The wolf bites you. The wolf bites you!
You closely miss the wolf. Grum closely misses you. The wolf barely misses you.
Unknown command.
You hit the wolf.
The wolf begins to glow.
The wolf is moderately wounded.
The wolf completely misses you. Grum barely misses you.
You hit the wolf but do no damage.
The wolf glows dangerously bright.
The wolf is moderately wounded.
The wolf bites you!
Grum hits you from afar with a +0 glaive!!
* * * LOW HITPOINT WARNING * * *
The wolf barely misses you.
The air fills with toxic fumes!
As you read the scroll labelled ARILEU NIOMU, it crumbles to dust.
It was a scroll of poison.
The wolf barely misses you.
The two-headed ogre hits you with a +0 giant spiked club!
* * * LOW HITPOINT WARNING * * *
The two-headed ogre hits you with a +0 giant club!!
You die...

#........#
######.###
##.# #..# #.##
#)# #§####
#§oO§#
#########)##p#
+.....>...##h#
######...##g§#
#.#####§o#
##.# §§§# #..#
§§#§. ##.####
#§§§#. #.....#
§##§ .
###.....# .. #


You could see a two-headed ogre, Grum, a wolf (heavy contam), an orc wizard and
an orc.

Vanquished Creatures
  Pikel (D:7)
  The ghost of pzskc383 the Chopper, a novice GrFi of Okawaru (D:6)
  Joseph (D:8)
  Sigmund (D:3)
  3 yaks (D:9)
  A warg (D:9)
  An acid dragon (D:6)
  A water moccasin (D:9)
  4 orc warriors
  2 black bears
  A sky beast (D:8)
  3 ogres (D:5)
  2 wolves (D:9)
  3 centaurs
  4 lemures
  4 phantoms
  2 kobold brigands
  3 bullfrogs
  2 gnoll sergeants (D:7)
  6 wights
  4 killer bees (D:8)
  7 howler monkeys
  7 hounds
  2 jellies
  2 orc priests
  2 sleepcaps
  Jessica (D:3)
  2 iguanas
  9 orc wizards
  14 gnolls
  A white imp (D:6)
  2 ufetubi (D:7)
  2 worms
  A dart slug (D:2)
  41 orcs
  5 bats
  2 endoplasms
  3 giant cockroaches
  5 goblins
  5 hobgoblins
  9 kobolds
  2 quokkas
  7 ball pythons
  2 frilled lizards
  7 rats
190 creatures vanquished.

Vanquished Creatures (others)
  An orc wizard (D:6)
1 creature vanquished.

Grand Total: 191 creatures vanquished

Notes
Turn   | Place    | Note
-------+----------+-------------------------------------------
     0 | D:1      | AZSletch the Merfolk Shapeshifter began the quest for the
                  | Orb.
     0 | D:1      | Reached XP level 1. HP: 15/15 MP: 1/1
   131 | D:1      | Reached XP level 2. HP: 21/21 MP: 2/2
   586 | D:2      | Reached skill level 5 in Shapeshifting
   731 | D:2      | Reached XP level 3. HP: 15/26 MP: 1/3
  1242 | D:2      | Found a faded altar of an unknown god.
  1688 | D:3      | Noticed Jessica
  1849 | D:3      | Noticed Sigmund
  1867 | D:4      | Reached skill level 6 in Shapeshifting
  1974 | D:4      | Reached XP level 4. HP: 25/32 MP: 2/4
  1976 | D:4      | Noticed a phantom
  2060 | D:4      | Killed a phantom
  2061 | D:4      | Reached skill level 7 in Shapeshifting
  2061 | D:4      | Reached XP level 5. HP: 20/37 MP: 3/5
  2163 | D:4      | Noticed a phantom
  2176 | D:4      | Killed a phantom
  2214 | D:4      | Found a staircase to the Ecumenical Temple.
  2223 | Temple   | Entered the Ecumenical Temple
  2228 | Temple   | Became a worshipper of Dithmenos the Shadowed
  2402 | D:4      | Found a shimmering altar of Xom.
  2402 | D:4      | Found a white marble altar of Elyvilon.
  2852 | D:3      | Reached XP level 6. HP: 22/44 MP: 3/6
  2978 | D:3      | Found a sacrificial altar of Ru.
  3068 | D:3      | Killed Sigmund
  3143 | D:3      | Found a snail-covered altar of Cheibriados.
  3448 | D:3      | Killed Jessica
  3449 | D:3      | Reached XP level 7. HP: 49/51 MP: 7/7
  3518 | D:5      | Entered Level 5 of the Dungeon
  3765 | D:5      | Reached skill level 8 in Shapeshifting
  3789 | D:5      | Reached skill level 5 in Dodging
  4107 | D:5      | Reached skill level 5 in Unarmed Combat
  4320 | D:5      | Reached * piety under Dithmenos
  4369 | D:5      | Reached XP level 8. HP: 39/60 MP: 4/8
  4685 | D:6      | Reached skill level 1 in Invocations
  5158 | D:6      | Found a runed translucent door.
  5158 | D:6      | Noticed pzskc383's ghost (novice GrFi)
  5240 | D:6      | Reached skill level 5 in Fighting
  5240 | D:6      | Reached skill level 9 in Shapeshifting
  5447 | D:6      | Reached XP level 9. HP: 67/68 MP: 9/11
  5477 | D:6      | Identified the +1 leather armour of the Shifting Gods
                  | {Will+ Str-4 Int+3 Dex+2}
  5777 | D:6      | Found a hazy altar of Hepliaklqana.
  5939 | D:6      | Killed pzskc383's ghost
  6116 | D:7      | Reached ** piety under Dithmenos
  6866 | D:7      | Noticed Pikel
  6879 | D:7      | Killed Pikel
  6880 | D:7      | Reached skill level 1 in Evocations
  7016 | D:7      | Found a blossoming altar of Fedhas.
  7016 | D:7      | Found a glowing golden altar of the Shining One.
  7017 | D:7      | Found a broken altar of Ashenzari.
  7020 | D:7      | Found a hide-covered altar of Uskayaw.
  7262 | D:8      | Noticed Joseph
  7278 | D:8      | Killed Joseph
  7279 | D:8      | Reached skill level 10 in Shapeshifting
  7279 | D:8      | Reached XP level 10. HP: 19/77 MP: 3/13
  7530 | D:8      | Reached skill level 5 in Invocations
  8555 | D:8      | Found a burning altar of Makhleb.
  8641 | D:9      | Found a shimmering blue altar of Sif Muna.
  8806 | D:9      | Reached *** piety under Dithmenos
  9218 | D:9      | Noticed a cyclops
  9224 | D:9      | Noticed a two-headed ogre
  9245 | D:9      | Noticed Grum
  9259 | D:9      | Mangled by a two-headed ogre

Illustrated notes

Levels and vault maps discovered:
D:1:      minmay_arrival_semitransparent, layout_loops_ring,
          minmay_misc_feat_room
D:2:      layout_basic, shapermc_ecumenical_altar_hornbeckon
D:3:      layout_rooms, cheibriados_altar_1, nicolae_ru_awakened_eye,
          serial_glass, glass_columns_a, glass_columns_b, uniq_sigmund,
          uniq_jessica
D:4:      layout_gridville, gammafunk_temple_overflow_wave,
          minmay_temple_entry_waves
D:5:      layout_basic
D:6:      layout_loops_corners, nzn_hepliaklqana_mist_gate,
          hellmonk_ghost_happy_afterlife, kennysheep_opposing_triangles
D:7:      layout_cave_pools, minitemple, uniq_pikel
D:8:      layout_loops_ring, mainiacjoe_overflow_alcove_2, uniq_joseph
D:9:      layout_roguey, nicolae_sif_muna_condensation, erik_orc_3,
          nicolae_concentric_dashed_squares_wild, uniq_grum
Temple:   hellmonk_temple_of_storms

Skill      XL: |  1  2  3  4  5  6  7  8  9 10 |
---------------+-------------------------------+-----
Shapeshifting  | 5 6 7 8 9 10 | 10.7
Dodging        | 3 4 5 6 8 9 |  9.2
Fighting       | 2 4 5 6 7 |  7.4
Unarmed Combat | 4 5 6 7 8 |  8.2
Invocations    | 3 4 6 |  6.0
Evocations     | 1 3 |  3.5

Action                     |  1- 3 |  4- 6 |  7- 9 | 10-12 || total
---------------------------+-------+-------+-------+-------++-------
  Melee: Unarmed           |   113 |    92 |   353 |   210 ||   768
         Punch             |     3 |       |       |       ||     3
    Use: Scroll            |       |       |       |    10 ||    10
   Stab: Sleeping          |     3 |       |       |       ||     3
 Armour: Animal skin       |    43 |    44 |   192 |    94 ||   373
  Dodge: Dodged            |    68 |    49 |   302 |   136 ||   555
   Form: Flux              |       |     1 |       |       ||     1

Table legend: (Time is in decaauts)
 A = Elapsed time spent in this place.
 B = Non-inter-level travel time spent in this place.
 C = Inter-level travel time spent in this place.
 D = Time resting spent in this place.
 E = Time spent auto-exploring this place.
 F = Levels seen in this place.
 G = Mean time per level.
                   A        B        C        D        E       F      G
               +--------+--------+--------+--------+--------+-----+--------+
         Total |   9173 |   8872 |    301 |   1107 |   5534 |  10 |  917.3 |
       Dungeon |   9162 |   8865 |    297 |   1107 |   5534 |   9 | 1018.0 |
        Temple |     10 |      6 |      4 |      0 |      0 |   1 |   10.0 |
               +--------+--------+--------+--------+--------+-----+--------+

Top non-repeatable levels by time:
     D:6: 1628 daAuts
     D:8: 1355 daAuts
     D:5: 1137 daAuts
     D:2: 1066 daAuts
     D:4: 1006 daAuts
     D:7: 941 daAuts
     D:3: 835 daAuts
     D:9: 610 daAuts
     D:1: 580 daAuts
  Temple: 10 daAuts
